 Dungeon Crawl Stone Soup version 0.29.1-13-g9f3cf754e1 (webtiles) character file.

Game seed: 11170758365006404043

2043 GigaChad the Cleaver (level 9, 0/78 HPs)
             Began as a Minotaur Fighter on Jan 20, 2023.
             Was an Initiate of Hepliaklqana.
             Slain by a killer bee (7 damage)
             ... on level 7 of the Dungeon.
             The game lasted 00:10:42 (6574 turns).

GigaChad the Cleaver (Minotaur Fighter)             Turns: 6574, Time: 00:10:44

Health: 0/78       AC: 16    Str: 26    XL:     9   Next: 4%
Magic:  8/8        EV:  6    Int:  5    God:    Hepliaklqana [......]
Gold:   147        SH:  9    Dex:  9    Spells: 8/8 levels left

rFire   . . .      SeeInvis .   a - +0 war axe
rCold   . . .      Faith    .   l - +0 kite shield
rNeg    . . .      Spirit   .   n - +0 plate armour
rPois   .          Reflect  .   (helmet restricted)
rElec   .          Harm     .   (no cloak)
rCorr   .          Rampage  .   (no gloves)
Will    .....                   j - +1 pair of boots
Stlth   ..........              (no amulet)
HPRegen 0.23/turn               (no ring)
MPRegen 0.11/turn               (no ring)

@: lethally poisoned (0 -> -6)
A: horns 2, retaliatory headbutt
a: Renounce Religion


You were on level 7 of the Dungeon.
You worshipped Hepliaklqana.
Hepliaklqana was noncommittal.
You visited 2 branches of the dungeon, and saw 8 of its levels.

You collected 339 gold pieces.
You spent 192 gold pieces at shops.

Inventory:

Hand Weapons
 a - a +0 war axe (weapon)
 E - a +0 lajatang
 F - the +3 falchion of Goanloc {freeze, *Noise Dex+5}
   (You bought it in a shop on level 1 of the Dungeon)

   It freezes those it strikes, dealing additional cold damage.
   It can also slow down cold-blooded creatures.
   Dex:       It affects your dexterity (+5).
   *Noise:    It may make noises in combat.
Armour
 b - a +1 scale mail
 c - a +0 buckler
 j - a +1 pair of boots (worn)
 l - a +0 kite shield (worn)
 m - the +2 hat of the Prince of Darkness {rF+ Will+ Int-2 Dex+7}
   (You found it on level 2 of the Dungeon)

   Int:       It affects your intelligence (-2).
   Dex:       It affects your dexterity (+7).
   rF:        It protects you from fire.
   Will:      It increases your willpower.
 n - a +0 plate armour (worn)
Jewellery
 g - a ring of positive energy
 p - a ring of flight
 G - a ring of wizardry
Wands
 r - a wand of flame (3)
 w - a wand of roots (6)
Scrolls
 f - 2 scrolls of fear
 h - a scroll of enchant armour
 k - a scroll of identify
 o - a scroll of immolation
 q - 3 scrolls of vulnerability
 v - 2 scrolls of silence
 y - a scroll of blinking
 B - a scroll of poison
Potions
 d - 4 potions of might
 e - a potion of lignification {unknown}
 i - 4 potions of curing
 s - 2 potions of brilliance {unknown}
 t - 2 potions of cancellation {unknown}
 u - a potion of mutation {unknown}
 x - a potion of ambrosia {unknown}
 z - a potion of heal wounds {unknown}
 A - a potion of resistance
 C - 3 potions of berserk rage {unknown}
 D - a potion of degeneration {unknown}


   Skills:
 + Level 6.5 Fighting
 + Level 9.4 Axes
 + Level 8.4 Armour
 + Level 1.1 Dodging
 + Level 0.4 Stealth
 + Level 6.4 Shields


You had 8 spell levels left.
You didn't know any spells.
Your spell library contained the following spells:

 Spells                   Type           Power      Damage    Failure   Level
 Foxfire                  Conj/Fire      0%         2x1d4     100%        1
 Sublimation of Blood     Necr           0%         N/A       100%        2
 Confusing Touch          Hex            0%         N/A       100%        3
 Dazzling Flash           Conj/Hex       0%         N/A       100%        3
 Ignite Poison            Fire/Tmut/Pois 0%         N/A       100%        3
 Flame Wave               Conj/Fire      0%         2d4       100%        4
 Iskenderun's Mystic Bla  Conj/Tloc      0%         2d3       100%        4
 Petrify                  Tmut/Erth      0%         N/A       100%        4
 Irradiate                Conj/Tmut      0%         3d11      100%        5
 Metabolic Englaciation   Hex/Ice        0%         N/A       100%        5
 Summon Forest            Summ/Tloc      0%         N/A       100%        5
 Summon Mana Viper        Hex/Summ       0%         N/A       100%        5
 Yara's Violent Unravell  Hex/Tmut       0%         3d3       100%        5
 Starburst                Conj/Fire      0%         6d3       100%        6
 Summon Cactus Giant      Summ           0%         N/A       100%        6
 Enfeeble                 Hex            0%         N/A       100%        7


Dungeon Overview and Level Annotations

Branches:
Dungeon (7/15)             Temple (1/1) D:6

Altars:
Cheibriados
Dithmenos
Elyvilon
Fedhas
Hepliaklqana
Kikubaaqudgha
Nemelex Xobeh
Ru
Trog
Uskayaw
Vehumet
Zin

Shops:
D:1 *(((:

Annotations:
D:5 1 transporter, leafyfresh's ghost, novice DjAE


Innate Abilities, Weirdness & Mutations

You have a pair of horns on your head.
You reflexively headbutt those who attack you in melee.


Message History

You headbutt the killer bee.
You kill the killer bee!
You barely miss the killer bee.
You feel sick. The killer bee stings you.
* * * LOW HITPOINT WARNING * * *
The killer bee stings you.
* * * LOW HITPOINT WARNING * * *
You barely miss the killer bee. Your headbutt misses the killer bee.
You feel sick. You block the killer bee's attack. The killer bee stings you.
* * * LOW HITPOINT WARNING * * *
You are lethally poisoned!
The killer bee poisons you! You block the killer bee's attack.
You miss the killer bee.
* * * LOW HITPOINT WARNING * * *
You feel very sick. You block the killer bee's attack.
The killer bee stings you but does no damage.
You barely miss the killer bee.
* * * LOW HITPOINT WARNING * * *
You feel sick. You block the killer bee's attack.
The killer bee stings you but does no damage.
Unknown command.
You feel better. The killer bee barely misses you. You furiously retaliate!
You headbutt the killer bee. You block the killer bee's attack.
Blink to where?
Press: ? - help, Dir - move target
As you read the scroll of blinking, it crumbles to dust.
As you read the scroll of teleportation, it crumbles to dust.
You feel strangely unstable.
Your surroundings suddenly seem different.
The killer bee stings you.
* * * LOW HITPOINT WARNING * * *
You are poisoned.
The killer bee poisons you!
You closely miss the killer bee.
* * * LOW HITPOINT WARNING * * *
You feel very sick.
The killer bee buzzes angrily.
The killer bee stings you but does no damage.
The killer bee stings you!
You die...

.....§. #y.# .......
#..# ....... #..#
#....####..###########.
#......................
..#####..##########.
....[.##y##
.#.....yy.##
#.......@..#
#........#.##
#........#..#
#.######.##.# # ..##.#
#######.#######..
....[............
..#######.########
+.....†.........


You could see 3 killer bees.

Vanquished Creatures
  Pikel (D:7)
  A steam dragon (D:6)
  A water moccasin (D:6)
  2 ice beasts (D:6)
  A sky beast (D:7)
  2 centaurs
  2 phantoms
  Blork the orc (D:6)
  A lemure (D:7)
  A bullfrog (D:6)
  A scorpion (D:6)
  2 killer bees (D:7)
  A howler monkey (D:6)
  4 hounds
  2 orc priests (D:4)
  Jessica (D:3)
  3 iguanas
  An orc wizard (D:5)
  4 gnolls (D:4)
  4 adders
  An ufetubus (D:4)
  2 worms
  3 dart slugs
  4 orcs
  6 endoplasms
  3 giant cockroaches
  6 goblins
  5 hobgoblins
  8 jackals (D:4)
  4 quokkas
  5 ball pythons
  12 bats
  8 frilled lizards
  16 kobolds
  2 rats
121 creatures vanquished.

Vanquished Creatures (others)
  2 plants (D:1)
2 creatures vanquished.

Grand Total: 123 creatures vanquished

Notes
Turn   | Place    | Note
-------+----------+-------------------------------------------
     0 | D:1      | GigaChad the Minotaur Fighter began the quest for the Orb.
     0 | D:1      | Reached XP level 1. HP: 19/19 MP: 0/0
   168 | D:1      | You fall into a shaft and drop 1 floor!
   178 | D:1      | Found Jomis's General Store.
   178 | D:1      | Found Jejoichu's Antique Weapon Shop.
   427 | D:1      | Reached XP level 2. HP: 26/27 MP: 1/1
   446 | D:1      | Found Fuiq's Antique Weapon Shop.
   732 | D:1      | Found Vabil's Book Emporium.
   785 | D:1      | Found Jogat's Antique Weapon Shop.
   825 | D:1      | Got Sif Muna's Discursus on Hindering Kindling
   989 | D:2      | Identified the +2 hat of the Prince of Darkness {rF+ Will+
                  | Int-2 Dex+7}
  1029 | D:2      | Reached skill level 3 in Axes
  1278 | D:2      | Reached XP level 3. HP: 33/33 MP: 2/2
  1673 | D:3      | Noticed a phantom
  1691 | D:3      | Killed a phantom
  1692 | D:3      | Reached skill level 4 in Axes
  1692 | D:3      | Reached XP level 4. HP: 33/40 MP: 3/3
  1757 | D:3      | Reached XP level 5. HP: 46/46 MP: 4/4
  1842 | D:3      | Reached skill level 5 in Axes
  2231 | D:3      | Noticed Jessica
  2256 | D:3      | Killed Jessica
  3007 | D:4      | Reached XP level 6. HP: 22/53 MP: 5/5
  3265 | D:4      | Reached skill level 6 in Axes
  3896 | D:5      | Entered Level 5 of the Dungeon
  3990 | D:5      | Reached skill level 5 in Armour
  4025 | D:5      | Found a snail-covered altar of Cheibriados.
  4077 | D:5      | Found a transporter.
  4078 | D:5      | Noticed leafyfresh's ghost (novice DjAE)
  4118 | D:5      | Identified the +8 dire flail of Amorality {venom, Str+7
                  | Int+4}
  4138 | D:5      | Found a sacrificial altar of Ru.
  4836 | D:5      | Reached XP level 7. HP: 60/60 MP: 6/6
  5224 | D:1      | Bought a faintly glowing falchion for 192 gold pieces
  5224 | D:1      | Identified the +3 falchion of Goanloc {freeze, *Noise
                  | Dex+5} (You bought it in a shop on level 1 of the Dungeon)
  5366 | D:6      | Reached skill level 5 in Fighting
  5368 | D:6      | Reached skill level 7 in Axes
  5368 | D:6      | Reached skill level 5 in Shields
  5742 | D:6      | Noticed Blork the orc
  5759 | D:6      | Killed Blork the orc
  5760 | D:6      | Reached XP level 8. HP: 54/69 MP: 7/7
  6051 | D:6      | Reached skill level 8 in Axes
  6089 | D:6      | Found a staircase to the Ecumenical Temple.
  6113 | Temple   | Entered the Ecumenical Temple
  6285 | Temple   | Became a worshipper of Hepliaklqana the Forgotten
  6534 | D:7      | Noticed Pikel
  6550 | D:7      | Killed Pikel
  6551 | D:7      | Reached skill level 9 in Axes
  6551 | D:7      | Reached skill level 1 in Dodging
  6558 | D:7      | Reached XP level 9. HP: 33/78 MP: 8/8
  6574 | D:7      | Slain by a killer bee

Illustrated notes

Levels and vault maps discovered:
D:1:      amcnicky_arrival_abandoned_market, layout_basic, serial_shops,
          nicolae_shop_overgrown_old_shop, nicolae_shop_stone, shop,
          nicolae_shop_advertising_works [nicolae_subvault_shop_adworks],
          shop_coins, minmay_pentomino_p4
D:2:      layout_loops_ring
D:3:      layout_basic, kennysheep_generic_room_5, uniq_jessica
D:4:      layout_loops_ring, minmay_ruptured
D:5:      layout_cave_pools, mainiacjoe_overflow_brackets,
          mainiacjoe_overflow_paths, gammafunk_ghost_smash
D:6:      layout_rooms, minmay_temple_entry_water_ring,
          chequers_serial_rivers_large_a, chequers_mini_garden,
          dk_noncrumbling_4, uniq_blork_the_orc
D:7:      layout_basic, grunt_temple_overflow_open, minmay_misc_feat_enclosed,
          hellmonk_guarded_unrand_lears, uniq_menkaure, uniq_pikel
Temple:   nicolae_temple_two_arcs

Skill      XL: |  1  2  3  4  5  6  7  8 |
---------------+-------------------------+-----
Armour         | 4 5 7 8 |  8.4
Axes           | 3 4 5 6 7 9 |  9.4
Fighting       | 4 5 6 |  6.5
Shields        | 4 5 6 |  6.4
Dodging        | 1 |  1.1
Stealth        | |  0.4

Action                   |  1- 3 |  4- 6 |  7- 9 || total
-------------------------+-------+-------+-------++-------
Melee: War axe           |    66 |   161 |   109 ||   336
       Headbutt          |     9 |    25 |    14 ||    48
  Use: Potion            |     1 |       |     1 ||     2
       Scroll            |     3 |       |     9 ||    12
Armor: Scale mail        |    72 |     2 |       ||    74
       Plate armour      |       |   124 |   101 ||   225
Dodge: Dodged            |    49 |    50 |    37 ||   136
Block: Buckler           |    23 |       |       ||    23
       Kite shield       |     6 |    97 |    60 ||   163
